 Dungeon Crawl Stone Soup version 0.27-a0-1140-g099f9bb0e8 (webtiles) character file.

Game seed: 15833996958635109200

132019 wakim the Devastator (level 16, -6/96 HPs)
             Began as a Deep Elf Conjurer on May 7, 2021.
             Was the Champion of Vehumet.
             Mangled by an alligator (14 damage)
             ... on level 3 of the Swamp on May 8, 2021.
             The game lasted 02:24:25 (39136 turns).

wakim the Devastator (Deep Elf Conjurer)           Turns: 39136, Time: 02:24:25

Health: -6/96      AC: 26    Str:  7    XL:     16   Next: 56%
Magic:  15/36      EV: 13    Int: 28    God:    Vehumet [******]
Gold:   1271       SH:  4    Dex: 13    Spells: 3/43 levels left

rFire    + + .     SeeInvis .   b - +9 lance "Wyrmbane" {slay drac, rPois rF+ rC+ AC+3}
rCold    + + .     Faith    .   s - +0 buckler
rNeg     + . .     Spirit   .   c - +4 pearl dragon scales
rPois    +         Reflect  .   w - +2 hat {Will+}
rElec    .         Harm     .   m - scarf {rC+ rF+}
rCorr    .         Rampage  .   k - +0 pair of gloves
Will     ++...                  j - +1 pair of boots
Stlth    +.........             h - amulet of magic regeneration
HPRegen  0.26/turn              i - +4 ring of evasion
MPRegen  0.50/turn              A - ring of wizardry

@: studying Air Magic
A: no striking features
a: Renounce Religion


You were on level 3 of the Swamp.
You worshipped Vehumet.
Vehumet was exalted by your worship.
You visited 5 branches of the dungeon, and saw 26 of its levels.
You also visited: Bailey, Ice Cave and Volcano.

You collected 3452 gold pieces.
You spent 2181 gold pieces at shops.

Inventory:

Hand Weapons
 a - the +8 great sword "Hell-Harrower" {flame, rF+ rCorr SInv Stlth+}
   (You found it on level 4 of the Dungeon)

   It has been specially enchanted to burn those struck by it, causing extra
   injury to most foes and up to half again as much damage against particularly
   susceptible opponents.
   Big, fiery blades are also staple armaments of hydra-hunters.
   It protects you from fire.
   It lets you see invisible.
   It protects you from acid and corrosion.
   It makes you more stealthy.
 b - the +9 lance "Wyrmbane" (weapon) {slay drac, rPois rF+ rC+ AC+3}
   (You bought it in a shop on level 2 of the Orcish Mines)

   It affects your AC (+3).
   It protects you from fire.
   It protects you from cold.
   It protects you from poison.
 B - the +8 arc blade {discharge, rElec}
   (You found it on level 7 of the Dungeon)

   It insulates you from electricity.
Missiles
 e - a throwing net {=f!f}
 o - 3 atropa-tipped darts
Armour
 c - +4 pearl dragon scales (worn)
 d - the +3 ring mail of the Black Moon {rF++ rCorr Dex-3 SInv}
   (You found it on level 8 of the Dungeon)

   It affects your dexterity (-3).
   It greatly protects you from fire.
   It lets you see invisible.
   It protects you from acid and corrosion.
 f - the +0 pair of boots of Limited Liability {rElec Str-3 Dex+3}
   (You found it on level 8 of the Dungeon)

   It affects your strength (-3).
   It affects your dexterity (+3).
   It insulates you from electricity.
 j - a +1 pair of boots (worn)
 k - a +0 pair of gloves (worn)
 m - a scarf of resistance (worn)
 n - a +2 helmet of see invisible
 s - a +0 buckler (worn)
 w - a +2 hat of willpower (worn)
Jewellery
 g - a ring of see invisible
 h - an amulet of magic regeneration (around neck)
 i - a +4 ring of evasion (left hand)
 q - an amulet of the acrobat
 A - a ring of wizardry (right hand)
 I - a ring of ice
 L - a ring of positive energy
Wands
 t - a wand of charming (13)
 u - a wand of mindburst (15)
 v - a wand of flame (102)
 x - a wand of iceblast (28)
 y - a wand of paralysis (4)
Scrolls
 l - 7 scrolls of enchant weapon
 p - 2 scrolls of enchant armour
 r - 6 scrolls of identify
 R - 4 scrolls of magic mapping {!r}
 S - 3 scrolls of summoning
 U - 8 scrolls of fear
 X - 2 scrolls of fog
 Y - a scroll of blinking {!r}
 Z - 2 scrolls of silence {!r}
Potions
 D - 3 potions of brilliance
 E - a potion of invisibility {unknown}
 F - 7 potions of curing
 G - 4 potions of flight
 H - 4 potions of haste
 J - 7 potions of heal wounds
 K - a potion of magic
 N - 2 potions of might


   Skills:
 + Level 9.4 Fighting
 - Level 2.5 Short Blades
 + Level 7.6 Armour
 - Level 13.1 Dodging
 - Level 4.0 Stealth
 * Level 3.0 Shields
 - Level 14.0 Spellcasting
 - Level 16.6 Conjurations
 - Level 4.2 Hexes
 + Level 9.4 Summonings
 + Level 8.0 Translocations
 - Level 8.0 Air Magic
 + Level 7.6 Earth Magic


You had 3 spell levels left.
You knew the following spells:

 Your Spells              Type           Power      Damage    Failure   Level
a - Magic Dart            Conj           100%       1d8       1%          1
b - Lightning Bolt        Conj/Air       36%        1d54      1%          5
c - Iron Shot             Conj/Erth      36%        9d7       4%          6
d - Spellforged Servitor  Conj/Summ      37%        N/A       17%         7
e - Dispersal             Tloc           29%        N/A       65%         6
i - Iskenderun's Battles  Conj           85%        2d13      1%          5
s - Searing Ray           Conj           100%       3d7       1%          2
x - Iskenderun's Mystic   Conj/Tloc      73%        2d15      1%          4
z - Fulminant Prism       Conj/Hex       33%        3d16      1%          4

Your spell library contained the following spells:

 Spells                   Type           Power      Damage    Failure   Level
 Lee's Rapid Deconstruct  Erth           29%        3d16*     5%          5
 Foxfire                  Conj/Fire      100%       2x1d9     1%          1
 Shock                    Conj/Air       100%       1d9       1%          1
 Summon Small Mammal      Summ           100%       N/A       1%          1
 Call Imp                 Summ           64%        N/A       1%          2
 Call Canine Familiar     Summ           64%        N/A       1%          3
 Conjure Flame            Conj/Fire      60%        6-21      1%          3
 Dazzling Flash           Conj/Hex       100%       N/A       1%          3
 Gell's Gravitas          Tloc           29%        N/A       1%          3
 Stone Arrow              Conj/Erth      100%       3d13      1%          3
 Summon Guardian Golem    Hex/Summ       55%        N/A       3%          3
 Corpse Rot               Necr/Air       N/A        N/A       4%          2
 Portal Projectile        Hex/Tloc       100%       N/A       4%          3
 Inner Flame              Hex/Fire       31%        N/A       6%          3
 Confusing Touch          Hex            43%        N/A       9%          3
 Ignite Poison            Fire/Tmut/Pois 19%        N/A       13%         3
 Sticky Flame             Conj/Fire      60%        2d8       1%          4
 Summon Lightning Spire   Summ/Air       62%        N/A       4%          4
 Fireball                 Conj/Fire      30%        3d13      4%          5
 Passage of Golubria      Tloc           N/A        N/A       6%          4
 Summon Forest            Summ/Tloc      31%        N/A       12%         5
 Manifold Assault         Tloc           59%        N/A       16%         5
 Starburst                Conj/Fire      30%        8x6d9     21%         6
 Summon Ice Beast         Ice/Summ       46%        N/A       24%         4
 Petrify                  Tmut/Erth      41%        N/A       32%         4
 Yara's Violent Unravell  Hex/Tmut       15%        3d8       41%         5
 Borgnjor's Vile Clutch   Necr/Erth      20%        N/A       65%         5
 Animate Dead             Necr           9%         N/A       82%         4
 Metabolic Englaciation   Hex/Ice        15%        N/A       86%         5
 Summon Hydra             Summ           32%        N/A       94%         7
 Hydra Form               Tmut           9%         N/A       98%         5
 Eringya's Noxious Bog    Tmut/Pois      9%         N/A       98%         6
 Death Channel            Necr           9%         N/A       100%        6
 Simulacrum               Ice/Necr       9%         N/A       100%        6
 Borgnjor's Revivificati  Necr           9%         N/A       100%        8
 Disjunction              Tloc           29%        N/A       100%        8
 Ignition                 Fire           9%         3d5       100%        8
 Infestation              Necr           9%         N/A       100%        8
 Necromutation            Tmut/Necr      9%         N/A       100%        8
 Death's Door             Necr           9%         N/A       100%        9


Dungeon Overview and Level Annotations

Branches:
Dungeon (14/15)            Temple (1/1) D:7            Lair (6/6) D:8
  Swamp (3/4) Lair:3        Snake (0/4) Lair:4        Slime (0/5) Lair:6
    Orc (2/2) D:9             Elf (0/3) Orc:2        Vaults (0/5) D:13
 Bailey (visited)           IceCv (visited)         Volcano (visited)

Altars:
Ashenzari
Cheibriados
Dithmenos
Elyvilon
Fedhas
Gozag
Hepliaklqana
Kikubaaqudgha
Makhleb
Nemelex Xobeh
Okawaru
Qazlal
Ru
Sif Muna
Trog
Uskayaw
Vehumet
Wu Jian
Xom
Yredelemnul
Zin
The Shining One
Beogh
Jiyva

Shops:
D:9 =   Orc:2 *(:(


Message History

The alligator bites you.
* * * LOW HITPOINT WARNING * * *
The alligator barely misses you.
Casting: Iskenderun's Mystic Blast (safe; 1% risk of failure)
Confirm with . or Enter, or press ? or * to list all spells.
You erupt in a blast of force!
The mystic blast hits the alligator!
The alligator is severely wounded.
The alligator is knocked back by the mystic blast.
The mystic blast hits the alligator!!
The alligator is almost dead.
The alligator is knocked back by the mystic blast.
The will-o-the-wisp gestures.
The will-o-the-wisp conjures some foxfire!
The alligator bites you but does no damage.
The alligator tail-slaps you but does no damage.
The alligator barely misses you. The alligator tail-slaps you!
* * * LOW HITPOINT WARNING * * *
A foxfire comes into view.
Casting: Iskenderun's Mystic Blast (safe; 1% risk of failure)
Confirm with . or Enter, or press ? or * to list all spells.
You erupt in a blast of force!
The mystic blast hits the alligator!!
The alligator is almost dead.
The alligator is knocked back by the mystic blast.
The mystic blast hits the alligator!!
You kill the alligator!
Vehumet accepts your kill.
You feel your power returning.
A foxfire comes into view.
The foxfire hits you! You resist.
* * * LOW HITPOINT WARNING * * *
The will-o-the-wisp blinks!
Your Shields skill increases to level 3!
There is a stone staircase leading up here.
Casting: Iskenderun's Mystic Blast (safe; 1% risk of failure)
Confirm with . or Enter, or press ? or * to list all spells.
You erupt in a blast of force!
The mystic blast hits the alligator!
The alligator is almost dead.
The alligator is knocked back by the mystic blast.
The alligator bites you!
You die...

≈. ≈♣≈≈ ..≈.♣
.§≈)§♣♣♣♣ ♣♣♣
≈≈≈≈...§♣ ♣≈♣♣♣
≈≈≈.≈§§§♣♣♣≈@.♣ ♣
§≈≈.≈≈≈≈≈≈.t.♣♣ ≈≈.
≈≈≈≈≈≈≈.≈≈†≈≈[♣♣≈H..≈
≈≈§.≈≈≈.≈≈≈≈≈≈†.♣
≈≈≈..≈≈....♣.≈§≈.♣
♣♣♣♣♣♣.≈♣≈♣♣.≈≈≈.♣
♣♣♣♣♣♣♣≈≈..♣♣ ♣♣≈≈≈.♣
♣.≈≈.♣


You could see an alligator (strong, swift).

Vanquished Creatures
  Nikola (Swamp:1)
  A tentacled monstrosity (Swamp:1)
  Gastronok (Lair:3)
  Frances (D:13)
  A fenstrider witch (Swamp:1)
  An orc warlord (D:9)
  An ironbound preserver (D:13)
  The ghost of Ziatichuqu the Cleaver, a journeyman DsFi of Okawaru (D:14)
  Nessos (D:13)
  Josephine (D:10)
  An eleionoma (Swamp:1)
  13 hydras
  3 boulder beetles (D:14)
  The ghost of 1player the Blocker, a journeyman DrAK of Lugonu (D:10)
  3 catoblepae (Lair:6)
  10 two-headed ogres
  9 centaur warriors
  A dancing weapon (Orc:2)
  6 alligators
  6 death yaks (Lair:6)
  Nergalle (Lair:1)
  A deep elf knight (Swamp:1)
  Urug (D:13)
  3 orc high priests (Orc:2)
  4 skeletal warriors
  3 goliath frogs
  2 spriggan druids
  3 swamp dragons
  A deep elf archer (Swamp:1)
  A necromancer (IceCv)
  10 orc knights
  A deep elf pyromancer (D:14)
  The ghost of kae the Agent of Entropy, a novice DsAK of Lugonu (D:5)
  A lindwurm (Lair:5)
  The ghost of Nosferatu13666 the Covert, a novice SpBr of Dithmenos (D:7)
  11 ugly things
  An oklob plant (Lair:6)
  2 manticores (Lair:6)
  4 orc sorcerers (Orc:2)
  A will-o-the-wisp (Swamp:2)
  4 elephants (Lair:5)
  A salamander (Volcano)
  3 ice statues
  4 black mambas
  2 gargoyles (D:12)
  11 cane toads
  2 unseen horrors
  A kobold demonologist (D:13)
  3 rime drakes
  A tengu conjurer (D:13)
  6 komodo dragons
  An efreet (D:11)
  A bloated husk (Swamp:2)
  9 ice devils (IceCv)
  3 polar bears
  7 tyrant leeches
  18 slime creatures
  9 hornets (Swamp:2)
  6 trolls
  7 blink frogs
  5 dream sheep (Lair:6)
  A meliai zombie (D:11)
  13 spriggans (Swamp:2)
  A shadow (D:10)
  7 wyverns
  3 vampires
  57 yaks
  5 basilisks
  6 wraiths
  2 fire bats (Volcano)
  2 fire elementals (D:13)
  A steam dragon (D:7)
  10 vampire mosquitoes
  9 wargs
  12 swamp worms
  3 nagas (Lair:4)
  15 water moccasins
  2 acid dragons
  2 hell hounds (Volcano)
  37 orc warriors
  A sky beast (D:4)
  3 black bears
  2 ice beasts
  2 hornet zombies (D:7)
  A necrophage (D:6)
  13 ogres
  3 boggarts (D:14)
  10 centaurs
  10 wolves
  A kobold brigand (D:8)
  11 bullfrogs
  A scorpion (D:5)
  2 gnoll sergeants
  A water moccasin skeleton (D:7)
  8 killer bees (D:9)
  6 wights
  An electric eel (Lair:3)
  3 howler monkeys (D:11)
  4 lava snakes (D:13)
  3 centaur zombies
  7 jellies
  2 draconian simulacra (IceCv)
  A bullfrog zombie (D:7)
  A gnoll shaman (D:8)
  18 orc priests
  4 hounds
  3 iguanas
  26 orc wizards
  6 hell rats (Lair:5)
  A spriggan simulacrum (IceCv)
  A troll simulacrum (IceCv)
  A centaur simulacrum (IceCv)
  A hound skeleton (D:5)
  A howler monkey zombie (D:11)
  21 gnolls
  7 adders
  5 ogre simulacra (IceCv)
  A white imp (D:7)
  An ufetubus (D:5)
  A worm (D:4)
  77 orcs
  8 endoplasms
  3 giant cockroaches
  6 goblins
  3 hobgoblins
  5 jackals
  5 quokkas
  4 ball pythons
  5 bats
  4 frilled lizards
  7 kobolds
  3 rats
  A fire vortex (D:13)
734 creatures vanquished.

Vanquished Creatures (collateral kills)
  A fenstrider witch (Swamp:3)
  The ghost of Killmatronix the Archer, a journeyman DgHu (Orc:1)
  2 dire elephants (Swamp:1)
  An eleionoma (Swamp:3)
  2 goliath frogs (Swamp:1)
  2 tyrant leeches
  A swamp worm (Swamp:1)
  A hell hound (Swamp:1)
11 creatures vanquished.

Vanquished Creatures (others)
  An eleionoma (Swamp:1)
  A hornet (Swamp:2)
  25 foxfires
  87 fulminant prisms
  28 fungi
  73 plants
215 creatures vanquished.

Grand Total: 960 creatures vanquished

Notes
Turn   | Place    | Note
-------+----------+-------------------------------------------
     0 | D:1      | wakim the Deep Elf Conjurer began the quest for the Orb.
     0 | D:1      | Reached XP level 1. HP: 10/10 MP: 6/6
   167 | D:1      | Identified Diqiul's Tome of Damage Dealing
   391 | D:1      | Reached XP level 2. HP: 15/15 MP: 5/8
   394 | D:1      | Learned a level 2 spell: Searing Ray
   709 | D:1      | Found a faded altar of an unknown god.
  1179 | D:2      | Reached XP level 3. HP: 19/19 MP: 5/9
  1445 | D:2      | Reached skill level 5 in Conjurations
  2115 | D:3      | Found a stormy altar of Qazlal.
  2332 | D:3      | Reached XP level 4. HP: 24/24 MP: 7/11
  2369 | D:3      | Found a shimmering altar of Xom.
  2371 | D:3      | Found a shimmering blue altar of Sif Muna.
  2531 | D:3      | Found a broken altar of Ashenzari.
  2534 | D:3      | Found a hazy altar of Hepliaklqana.
  2960 | D:3      | Learned a level 4 spell: Fulminant Prism
  3101 | D:4      | Noticed an ogre
  3106 | D:4      | Killed an ogre
  3107 | D:4      | Reached XP level 5. HP: 28/28 MP: 6/13
  3222 | D:4      | Noticed an ogre
  3239 | D:4      | Killed an ogre
  3240 | D:4      | Reached skill level 6 in Conjurations
  3240 | D:4      | Reached XP level 6. HP: 32/32 MP: 7/15
  3397 | D:4      | Noticed a sky beast
  3401 | D:4      | Killed a sky beast
  3402 | D:4      | Reached skill level 5 in Spellcasting
  3617 | D:4      | Identified the +8 great sword "Hell-Harrower" {flame, rF+
                  | rCorr SInv Stlth+}
  4269 | D:4      | Found a radiant altar of Vehumet.
  4318 | D:4      | Became a worshipper of Vehumet
  5010 | D:4      | Learned a level 5 spell: Iskenderun's Battlesphere
  5011 | D:5      | Entered Level 5 of the Dungeon
  5325 | D:5      | Found a runed translucent door.
  5325 | D:5      | Noticed kae's ghost (novice DsAK)
  5377 | D:5      | Reached XP level 7. HP: 37/37 MP: 12/17
  5385 | D:5      | Reached skill level 7 in Conjurations
  5573 | D:5      | Reached skill level 1 in Fighting
  5891 | D:5      | Reached skill level 5 in Dodging
  6290 | D:5      | Learned a level 4 spell: Iskenderun's Mystic Blast
  6315 | D:6      | Reached skill level 1 in Translocations
  7182 | D:6      | Reached XP level 8. HP: 44/44 MP: 11/19
  7382 | D:6      | Identified the +6 shortbow "Zimetyoj" {venom, rPois}
  7746 | D:7      | Noticed a troll
  7749 | D:7      | Killed a troll
  7750 | D:7      | Reached skill level 8 in Conjurations
  7921 | D:7      | Noticed a troll
  8241 | D:7      | Found a transporter.
  8241 | D:7      | Found a transporter.
  8241 | D:7      | Noticed Nosferatu13666's ghost (novice SpBr)
  8243 | D:7      | Noticed an unseen horror
  8243 | D:7      | Noticed a troll
  8255 | D:7      | Identified a scroll of acquirement
  8255 | D:7      | Acquired a +2 helmet of see invisible
  8700 | D:7      | Found a staircase to the Ecumenical Temple.
  8943 | Temple   | Entered the Ecumenical Temple
  9363 | D:7      | Reached skill level 9 in Conjurations
  9543 | D:7      | Noticed a two-headed ogre
  9548 | D:7      | Killed a two-headed ogre
  9549 | D:7      | Reached XP level 9. HP: 51/51 MP: 11/22
  9553 | D:7      | Killed a troll
  9554 | D:7      | Reached skill level 1 in Hexes
  9687 | D:7      | Noticed a brown ugly thing
  9998 | D:7      | Reached skill level 10 in Conjurations
 10383 | D:7      | Found the +8 arc blade {discharge, rElec}
 10446 | D:7      | Killed a brown ugly thing
 10611 | D:8      | Found a staircase to the Lair.
 10640 | D:8      | Reached * piety under Vehumet
 10640 | D:8      | Offered knowledge of Sandblast by Vehumet.
 11225 | D:8      | Identified the +3 ring mail of the Black Moon {rF++ rCorr
                  | Dex-3 SInv}
 11232 | D:8      | Reached skill level 1 in Short Blades
 11506 | D:8      | Identified the +0 pair of boots of Limited Liability {rElec
                  | Str-3 Dex+3}
 12000 | D:9      | Reached XP level 10. HP: 50/57 MP: 19/24
 12378 | D:9      | Offered knowledge of Freeze by Vehumet.
 12520 | D:9      | Reached ** piety under Vehumet
 13002 | D:9      | Found Ijonty's Jewellery Shoppe.
 13068 | D:9      | Found a staircase to the Orcish Mines.
 13230 | D:9      | Reached skill level 11 in Conjurations
 13497 | D:10     | Entered Level 10 of the Dungeon
 13529 | D:10     | Reached skill level 5 in Translocations
 13916 | D:10     | Found a runed translucent gate.
 13916 | D:10     | Found a runed translucent gate.
 13919 | D:10     | Found a runed translucent gate.
 13924 | D:10     | Noticed 1player's ghost (journeyman DrAK)
 13926 | D:10     | Found a viscous altar of Jiyva.
 13942 | D:10     | Offered knowledge of Frozen Ramparts by Vehumet.
 13945 | D:10     | Reached skill level 5 in Fighting
 14079 | D:10     | Noticed a two-headed ogre
 14085 | D:10     | Killed a two-headed ogre
 14086 | D:10     | Reached XP level 11. HP: 63/63 MP: 15/26
 14351 | D:10     | Noticed Josephine
 14364 | D:10     | Reached skill level 1 in Armour
 14559 | D:10     | Reached *** piety under Vehumet
 14564 | D:10     | Killed Josephine
 14565 | D:10     | Reached skill level 10 in Spellcasting
 15091 | D:5      | Killed kae's ghost
 15352 | D:7      | Reached skill level 12 in Conjurations
 15352 | D:7      | Killed Nosferatu13666's ghost
 15680 | Lair:1   | Entered Level 1 of the Lair of Beasts
 15783 | Lair:1   | Noticed a seven-headed hydra
 15831 | Lair:1   | Noticed an eight-headed hydra
 15890 | Lair:1   | Noticed Nergalle
 15895 | Lair:1   | Killed Nergalle
 15950 | Lair:1   | Offered knowledge of Hailstorm by Vehumet.
 16059 | Lair:1   | Reached skill level 1 in Summonings
 16708 | Lair:1   | Killed a seven-headed hydra
 16709 | Lair:1   | Reached XP level 12. HP: 70/70 MP: 18/28
 16877 | Lair:1   | Killed an eight-headed hydra
 16880 | Lair:1   | Reached skill level 10 in Dodging
 17596 | Lair:2   | Reached skill level 13 in Conjurations
 17962 | Lair:2   | Reached **** piety under Vehumet
 18094 | Lair:3   | Noticed a six-headed hydra
 18112 | Lair:2   | Killed a six-headed hydra
 18230 | Lair:3   | Noticed Gastronok
 18463 | Lair:3   | Found a staircase to the Swamp.
 18538 | Lair:3   | Noticed a seven-headed hydra
 18563 | Lair:2   | Killed a seven-headed hydra
 19943 | Lair:3   | Killed Gastronok
 20013 | Lair:4   | Offered knowledge of Lightning Bolt by Vehumet.
 20224 | Lair:4   | Found a staircase to the Snake Pit.
 20354 | Lair:4   | Reached skill level 5 in Summonings
 20435 | Lair:4   | Reached skill level 14 in Conjurations
 21072 | Lair:4   | Learned a level 5 spell: Lightning Bolt
 21086 | Lair:5   | Reached XP level 13. HP: 76/76 MP: 10/30
 21093 | Lair:5   | Reached skill level 1 in Air Magic
 21639 | Lair:5   | Found a dark tunnel.
 21648 | Volcano  | Entered a volcano
 21737 | Volcano  | Reached ***** piety under Vehumet
 21740 | Volcano  | Offered knowledge of Conjure Ball Lightning by Vehumet.
 22768 | Lair:6   | Entered Level 6 of the Lair of Beasts
 22917 | Lair:6   | Found a frozen archway.
 23059 | IceCv    | Entered an ice cave
 23133 | IceCv    | Reached skill level 5 in Air Magic
 23704 | IceCv    | Reached skill level 15 in Conjurations
 24081 | Lair:6   | Found a staircase to the Slime Pits.
 24163 | Lair:6   | Reached XP level 14. HP: 83/83 MP: 18/32
 24309 | Lair:6   | Offered knowledge of Iron Shot by Vehumet.
 25674 | Lair:6   | Reached skill level 5 in Armour
 25865 | Lair:6   | Learned a level 6 spell: Iron Shot
 25873 | Lair:6   | Learned a level 7 spell: Spellforged Servitor
 25873 | Lair:6   | Upgraded the game from 0.27-a0-1139-g28e009f8a6 to
                  | 0.27-a0-1140-g099f9bb0e8
 26182 | D:10     | Killed 1player's ghost
 26426 | D:11     | Found a flagged portal.
 26435 | Bailey   | Entered a bailey
 26618 | Bailey   | Reached skill level 1 in Earth Magic
 26881 | Bailey   | Acquired 755 gold pieces
 27024 | D:11     | Found an iron altar of Okawaru.
 27037 | D:11     | Identified the +7 hand axe "Ventirghu" {venom, Will- Int+5}
 27905 | D:11     | Offered knowledge of Freezing Cloud by Vehumet.
 28409 | D:12     | Identified the +1 robe of Curiosity {rCorr}
 28570 | D:13     | Noticed Urug
 28576 | D:13     | Killed Urug
 29174 | D:13     | Noticed an ironbound preserver
 29183 | D:13     | Killed an ironbound preserver
 29223 | D:13     | Noticed Frances
 29247 | D:13     | Killed Frances
 29248 | D:13     | Reached XP level 15. HP: 89/89 MP: 26/34
 29280 | D:13     | Found a gate to the Vaults.
 29517 | D:13     | Reached skill level 16 in Conjurations
 29517 | D:13     | Noticed Nessos
 29524 | D:13     | Killed Nessos
 31061 | D:14     | Found a bloodstained altar of Trog.
 31127 | D:14     | Reached skill level 5 in Earth Magic
 31331 | D:14     | Found a runed translucent door.
 31336 | D:14     | Noticed Ziatichuqu's ghost (journeyman DsFi)
 31806 | D:14     | Killed Ziatichuqu's ghost
 31872 | D:14     | Learned a level 6 spell: Dispersal
 32062 | Orc:1    | Entered Level 1 of the Orcish Mines
 32093 | Orc:1    | Noticed an orc warlord
 32103 | D:9      | Killed an orc warlord
 32283 | Orc:1    | Offered knowledge of Ozocubu's Refrigeration by Vehumet.
 32662 | Orc:2    | Entered Level 2 of the Orcish Mines
 32964 | Orc:2    | Found a staircase to the Elven Halls.
 32977 | Orc:2    | Found a runed translucent door.
 32977 | Orc:2    | Found a shimmering altar of Xom.
 32985 | Orc:2    | Noticed Killmatronix's ghost (journeyman DgHu)
 33526 | Orc:1    | You fall into a shaft and drop 1 floor!
 33693 | Orc:2    | Found Cob Niff's Antique Weapon Emporium.
 33693 | Orc:2    | Found Qinenian's Assorted Antiques.
 33792 | Orc:2    | Found Jotsy's Book Boutique.
 33792 | Orc:2    | Found Womuoplau's Weapon Boutique.
 34011 | Orc:1    | HP: 4/90 [poisoned by Killmatronix's ghost]
 34512 | Swamp:1  | Entered Level 1 of the Swamp
 34700 | Swamp:1  | Noticed a fenstrider witch
 34705 | Swamp:1  | Killed a fenstrider witch
 34772 | Swamp:1  | HP: 4/90 [poison (poison gas)]
 35340 | Orc:2    | Bought the +8 lance "Wyrmbane" {slay drac, rPois rF+ rC+
                  | AC+3} for 2181 gold pieces
 35340 | Orc:2    | Found the +8 lance "Wyrmbane" {slay drac, rPois rF+ rC+
                  | AC+3}
 35394 | Orc:1    | Killed Killmatronix's ghost
 35395 | Orc:1    | Reached XP level 16. HP: 96/96 MP: 15/36
 35806 | Swamp:1  | Noticed a tentacled monstrosity
 35815 | Swamp:1  | Killed a tentacled monstrosity
 35887 | Swamp:1  | Offered knowledge of Lee's Rapid Deconstruction by Vehumet.
 35930 | Swamp:1  | Identified the +2 pair of gloves of Jorghirch {Will- Dex+6}
 35930 | Swamp:1  | Noticed Nikola
 35938 | Swamp:1  | Killed Nikola
 37438 | Swamp:2  | Reached skill level 1 in Shields
 38610 | Swamp:1  | Reached ****** piety under Vehumet
 39136 | Swamp:3  | Mangled by an alligator

Illustrated notes

Levels and vault maps discovered:
D:1:      eino_arrival_tree_alley, layout_basic, shapermc_ecumenical_altar_venn,
          minmay_misc_feat_chi
D:2:      layout_loops_ring
D:3:      layout_loops_corners, nicolae_overflow_hidden_temple,
          grunt_qazlal_clouds
D:4:      layout_loops_ring, fiery_altar_vehumet, serial_co_window_serial,
          co_window_cross_1, co_window_of_opportunity_a, co_window_paths_a,
          co_window_paths_b, co_window_of_opportunity_a,
          co_window_of_opportunity_a, co_window_corner_a,
          co_window_of_opportunity_c, co_window_2corner, co_window_cross_4,
          co_window_paths_c, co_window_broadway_a, co_window_2corner,
          co_window_corner_b, serial_park_tiny_pond, minmay_misc_feat_nine_boxes
D:5:      layout_gridville, gammafunk_ghost_grave
D:6:      layout_layer_cave
D:7:      minmay_blocky_corners, layout_basic, minmay_temple_entry_large_hall,
          gammafunk_ghost_arena, minmay_strange_pillars
D:8:      layout_cave_pods, dpeg_oklobed_lair
D:9:      layout_loops_ring, kennysheep_orc_monster_closet_entryway,
          serial_shops, kennysheep_little_box, hangedman_decor_push
D:10:     layout_gridville, gammafunk_ghost_ooze, uniq_josephine
D:11:     layout_grid_maze, enter_bailey_2, dk_noncrumbling_4,
          kennysheep_nondescript, okawaru_ov_weapons_minmay
D:12:     layout_rooms
D:13:     kennysheep_big_flooded_room, layout_basic,
          skrybe_vaults_entry_preservation, minivault_16, uniq_nessos,
          uniq_urug, uniq_frances
D:14:     layout_big_octagon, palyth_stone_intersect, ebering_ghost_inner_flame,
          trog_three_pillars_becter
Temple:   nicolae_temple_elliptical
Lair:1:   layout_misc_corridors, ldierk_geyser, minivault_11, uniq_nergalle
Lair:2:   layout_cave_pods
Lair:3:   layout_roguey, minmay_swamp_entry_worms, serial_bayou_shore_a,
          lemuel_fruit_tree, uniq_gastronok
Lair:4:   layout_regular_city, minmay_snake_entry_guardpost_small
Lair:5:   layout_regular_city, nicolae_volcano_entry_vermiform
Lair:6:   evilmike_catoblepas_cave, layout_big_grid, minmay_slime_entry_pillars,
          portal_ice_cave_entry_pillars_2, minmay_lair_oklob_items
Swamp:1:  layout_basic_swamp, hangedman_swamp_cone, beargit_elvish_explorers,
          uniq_nikola
Swamp:2:  layout_basic_swamp, hangedman_swamp_diagram,
          infiniplex_staircase_pool_2
Swamp:3:  nicolae_swamp_ascending_descending_big, layout_basic_swamp,
          nicolae_swamp_big_swirl, nicolae_swamp_triple_paths
Orc:1:    layout_caves
Orc:2:    st_orc_elflike, layout_diamond_mine, ebering_ghost_xom, basic_altar

Skill      XL: |  1  2  3  4  5  6  7  8  9 10 11 12 13 14 15 16 |
---------------+-------------------------------------------------+-----
Stealth        | 3 4 |  4.0
Dodging        | 3 4 5 7 8 9 10 11 12 13 | 13.1
Conjurations   | 5 6 7 9 10 11 12 14 15 16 | 16.6
Spellcasting   | 4 5 6 7 8 9 10 11 12 13 14 | 14.0
Fighting       | 1 3 4 5 6 7 8 9 |  9.4
Translocations | 2 3 6 7 8 |  8.0
Hexes          | 3 4 |  4.2
Short Blades   | 1 2 |  2.5
Armour         | 4 6 7 |  7.6
Summonings     | 2 5 6 8 9 |  9.4
Air Magic      | 5 7 8 |  8.0
Earth Magic    | 3 6 7 |  7.6
Shields        | 3 |  3.0

Action                   |  1- 3 |  4- 6 |  7- 9 | 10-12 | 13-15 | 16-18 || total
-------------------------+-------+-------+-------+-------+-------+-------++-------
Melee: Great sword       |       |     9 |     3 |     8 |     3 |       ||    23
       Rapier            |       |       |     3 |       |     3 |       ||     6
       Lance             |       |       |       |       |     3 |     9 ||    12
 Cast: Magic Dart        |    54 |    28 |    73 |   124 |   108 |    12 ||   399
       Searing Ray       |     6 |    13 |    29 |    83 |   214 |    45 ||   390
       Iskenderun's Batt |       |     1 |    25 |    81 |   130 |    22 ||   259
       Iskenderun's Myst |       |       |     7 |    27 |    90 |    36 ||   160
       Fulminant Prism   |       |       |     3 |    12 |    68 |     4 ||    87
       Lightning Bolt    |       |       |       |       |    27 |     2 ||    29
       Iron Shot         |       |       |       |       |    16 |     5 ||    21
       Spellforged Servi |       |       |       |       |     1 |    10 ||    11
  Use: Scroll            |     3 |     3 |     8 |     9 |    13 |     2 ||    38
       Potion            |       |     1 |       |       |     5 |       ||     6
 Stab: Sleeping          |       |     1 |       |       |       |       ||     1
Armor: Robe              |     2 |     3 |     4 |       |       |       ||     9
       Troll leather arm |       |       |     4 |    18 |     2 |       ||    24
       Pearl dragon scal |       |       |       |       |   105 |    73 ||   178
Dodge: Dodged            |     3 |    10 |    32 |    68 |   192 |    85 ||   390
Block: Buckler           |       |       |       |       |       |    29 ||    29
       Rpst.: Great sword |       |     3 |     7 |     5 |    31 |       ||    46

Table legend: (Time is in decaauts)
 A = Elapsed time spent in this place.
 B = Non-inter-level travel time spent in this place.
 C = Inter-level travel time spent in this place.
 D = Time resting spent in this place.
 E = Time spent auto-exploring this place.
 F = Levels seen in this place.
 G = Mean time per level.
                   A        B        C        D        E       F      G
               +--------+--------+--------+--------+--------+-----+--------+
         Total |  39353 |  36831 |   2522 |   3943 |  27650 |  29 | 1357.0 |
       Dungeon |  21636 |  20080 |   1556 |   1318 |  16390 |  14 | 1545.4 |
        Temple |    168 |    143 |     25 |      0 |    142 |   1 |  168.0 |
          Lair |   9200 |   8538 |    662 |    441 |   6683 |   6 | 1533.3 |
         Swamp |   4249 |   4155 |     94 |   1354 |   2254 |   3 | 1416.3 |
  Orcish Mines |   2286 |   2102 |    184 |    702 |    976 |   2 | 1143.0 |
        Bailey |    452 |    452 |      0 |      0 |    306 |   1 |  452.0 |
      Ice Cave |    983 |    983 |      0 |    128 |    617 |   1 |  983.0 |
       Volcano |    375 |    375 |      0 |      0 |    281 |   1 |  375.0 |
               +--------+--------+--------+--------+--------+-----+--------+

Top non-repeatable levels by time:
 Swamp:1: 2807 daAuts
     D:7: 2425 daAuts
     D:4: 2156 daAuts
     D:6: 2129 daAuts
     D:9: 2103 daAuts
    D:13: 2008 daAuts
  Lair:6: 1791 daAuts
  Lair:3: 1731 daAuts
  Lair:5: 1704 daAuts
     D:8: 1586 daAuts
    D:10: 1573 daAuts
  Lair:2: 1567 daAuts
     D:5: 1513 daAuts
 Swamp:2: 1366 daAuts
   Orc:1: 1350 daAuts
